 Dungeon Crawl Stone Soup version 0.30-a0-726-gd89dcf765f (webtiles) character file.

Game seed: 18094201996487415964

100 hikkokomori the Slasher (level 4, -3/28 HPs)
             Began as a Gargoyle Gladiator on Jan 30, 2023.
             Slain by a gnoll
             ... wielding a +2 flail of protection
              (6 damage)
             ... on level 3 of the Dungeon.
             The game lasted 00:03:00 (2087 turns).

hikkokomori the Slasher (Gargoyle Gladiator)        Turns: 2087, Time: 00:03:01

Health: -3/28      AC:  8    Str: 17    XL:     4   Next: 73%
Magic:  4/4        EV: 12    Int:  9    God:
Gold:   89         SH:  0    Dex: 13    Spells: 1/3 levels left

rFire   . . .      SeeInvis .    a - +0 long sword
rCold   . . .      Faith    .    (no shield)
rNeg    + . .      Spirit   .    b - +0 leather armour
rPois   ∞          Reflect  .    c - +0 helmet
rElec   +          Harm     .    (no cloak)
rCorr   .          Rampage  .    j - +0 pair of gloves
Will    .....                    (no boots)
Stlth   ++                       (no amulet)
HPRegen 0.24/turn                (no ring)
MPRegen 0.09/turn                (no ring)

@: no status effects
A: sickness immunity, AC +3, negative energy resistance 1, electricity
resistance, torment resistance 1, petrification resistance
a: no special abilities


You were on level 3 of the Dungeon.
You visited 1 branch of the dungeon, and saw 3 of its levels.

You collected 89 gold pieces.

Inventory:

Hand Weapons
 a - a +0 long sword (weapon)
Missiles
 d - 3 throwing nets (quivered)
 e - 6 javelins
Armour
 b - a +0 leather armour (worn)
 c - a +0 helmet (worn)
 j - a +0 pair of gloves (worn)
 k - a +0 chain mail
Jewellery
 m - a ring of see invisible
Wands
 u - a wand of mindburst (2)
Scrolls
 g - 3 scrolls of identify {unknown}
 h - 2 scrolls of teleportation {unknown}
 i - a scroll of butterflies {unknown}
 l - 2 scrolls of enchant armour {unknown}
 n - a scroll of fog {unknown}
 o - a scroll of fear {unknown}
 t - a scroll of vulnerability {unknown}
Potions
 f - a potion of ambrosia {unknown}
 p - a potion of curing {unknown}
 q - a potion of magic {unknown}
 r - a potion of flight {unknown}
 s - a potion of mutation {unknown}


   Skills:
 + Level 3.2 Fighting
 + Level 3.4 Long Blades
 - Level 1.8 Throwing
 - Level 2.8 Dodging
 + Level 2.4 Stealth
 + Level 0.0 Ice Magic


You had one spell level left.
You knew the following spells:

 Your Spells              Type           Power      Damage    Failure   Level
a - Ensorcelled Hibernat  Hex/Ice        0%         N/A       58%         2

Your spell library contained the following spells:

 Spells                   Type           Power      Damage    Failure   Level
 Apportation              Tloc           0%         N/A       45%         1
 Necrotise                Necr           0%         1d4       45%         1
 Summon Small Mammal      Summ           0%         N/A       45%         1
 Gell's Gravitas          Tloc           0%         N/A       83%         3
 Kindle Blastsparks       Fire/Tloc/Air  0%         2d10      83%         3
 Spider Form              Tmut/Pois      0%         N/A       83%         3
 Anguish                  Hex/Necr       0%         N/A       99%         4
 Freezing Cloud           Conj/Ice/Air   0%         6-21      100%        5
 Ozocubu's Refrigeration  Ice            0%         4d7       100%        7


Dungeon Overview and Level Annotations

Branches:
Dungeon (3/15)

Altars:
Ru
Wu Jian
Xom

Shops:
D:1 :   D:3 *


Innate Abilities, Weirdness & Mutations

You are immune to sickness and miasma.
Your stone body is resilient. (AC +3)
You are immune to poison.
You resist negative energy. (rN+)
You are resistant to electric shocks. (rElec)
You are resistant to unholy torment.
You are immune to petrification.


Message History

No target in view!
No target in view!
No target in view!
A jackal comes into view.
A gnoll comes into view. It is wielding a +0 halberd.
There are monsters nearby!
There are monsters nearby! 2 gnolls come into view.
A gnoll is wielding a +2 flail of protection.
Found Nenaxuf's General Store.
The gnoll shouts! x2
The gnoll moves out of view.
Okay, then.
Okay, then.
You completely miss the gnoll. The gnoll barely misses you.
The gnoll hits you from afar with a +0 halberd!
You hit the gnoll but do no damage. The gnoll closely misses you.
The gnoll barely misses you.
The gnoll hits you with a +2 flail of protection.
* * * LOW HITPOINT WARNING * * *
You barely miss the gnoll. The gnoll barely misses you. x2
You barely miss the gnoll. The gnoll hits you but does no damage.
The gnoll completely misses you. The gnoll closely misses you.
The gnoll barely misses you.
The jackal barks!
You hit the gnoll but do no damage.
A jackal comes into view.
The gnoll barely misses you. The gnoll closely misses you.
You barely miss the gnoll.
The jackal barks!
The gnoll hits you with a +2 flail of protection.
* * * LOW HITPOINT WARNING * * *
The gnoll barely misses you.
You barely miss the gnoll.
The gnoll hits you with a +2 flail of protection.
* * * LOW HITPOINT WARNING * * *
The gnoll closely misses you.
You barely miss the gnoll.
The gnoll hits you with a +2 flail of protection.
You die...

.#~~#...#..#
⌠ #≈≈#.⌠.#..#
..#≈≈#...#..#
##~≈≈~###..##
.≈≈≈≈≈≈....#
hh≈≈≈≈~....#
#h≈≈≈###..#
#≈≈#.g.#?# ≈
#.⌠@#.#
#..g#..
#~..≈###...#
...$..
....g..
#.....
##.##.∩ #####
.# . . ##


You could see 2 gnolls and a jackal.

Vanquished Creatures
  An orc wizard (D:3)
  A gnoll (D:3)
  2 adders (D:2)
  A worm (D:2)
  A dart slug (D:2)
  4 orcs (D:3)
  3 bats
  2 endoplasms
  3 giant cockroaches
  5 goblins
  3 hobgoblins
  2 jackals (D:3)
  3 quokkas (D:2)
  A ball python (D:1)
  A frilled lizard (D:2)
  3 kobolds
  3 rats
39 creatures vanquished.

Notes
Turn   | Place    | Note
-------+----------+-------------------------------------------
     0 | D:1      | hikkokomori the Gargoyle Gladiator began the quest for the
                  | Orb.
     0 | D:1      | Reached XP level 1. HP: 12/12 MP: 1/1
   269 | D:1      | Reached XP level 2. HP: 14/18 MP: 2/2
   487 | D:1      | Found Otekh's Book Boutique.
  1035 | D:2      | Reached skill level 1 in Stealth
  1264 | D:2      | Reached XP level 3. HP: 22/22 MP: 3/3
  1637 | D:3      | Found an ornate altar of the Wu Jian Council.
  1723 | D:3      | Found a sacrificial altar of Ru.
  1767 | D:3      | Reached XP level 4. HP: 27/27 MP: 4/4
  1807 | D:3      | Found a shimmering altar of Xom.
  1925 | D:3      | Got Erphuscho's Catalogue of Disjunct Graupel
  1988 | D:3      | Learned a level 2 spell: Ensorcelled Hibernation
  2075 | D:3      | Found Nenaxuf's General Store.
  2087 | D:3      | Slain by a gnoll

Illustrated notes

Levels and vault maps discovered:
D:1:      dpeg_arrival_chambers_temple_mockup, layout_basic, serial_shops,
          nicolae_shop_statue_plus, minivault_26, minmay_statues_item
D:2:      layout_loops_ring, minmay_misc_feat_encased, minmay_pentomino_z4
D:3:      layout_loops_ring, nicolae_wu_jian_immortal_techniques, tgw_xom,
          hangedman_ru_absence, shapermc_ecumenical_altar_mp_vishouse,
          serial_shops, nicolae_shop_stone, fountainhead

Skill      XL: |  1  2  3  4 |
---------------+-------------+-----
Long Blades    | 3 |  3.4
Stealth        | 1 2 |  2.4
Fighting       | 3 |  3.2
Throwing       | |  1.8
Dodging        | |  2.8

Action                     |  1- 3 |  4- 6 || total
---------------------------+-------+-------++-------
  Melee: Long sword        |    97 |    62 ||   159
         Punch             |       |     1 ||     1
  Throw: Javelin           |     2 |       ||     2
 Armour: Leather armour    |    45 |    35 ||    80
  Dodge: Dodged            |    72 |    35 ||   107

Table legend: (Time is in decaauts)
 A = Elapsed time spent in this place.
 B = Non-inter-level travel time spent in this place.
 C = Inter-level travel time spent in this place.
 D = Time resting spent in this place.
 E = Time spent auto-exploring this place.
 F = Levels seen in this place.
 G = Mean time per level.
                   A        B        C        D        E       F      G
               +--------+--------+--------+--------+--------+-----+--------+
         Total |   2127 |   2095 |     32 |      0 |   1706 |   3 |  709.0 |
       Dungeon |   2127 |   2095 |     32 |      0 |   1706 |   3 |  709.0 |
               +--------+--------+--------+--------+--------+-----+--------+

Top non-repeatable levels by time:
     D:2: 800 daAuts
     D:1: 785 daAuts
     D:3: 541 daAuts
